 Dungeon Crawl Stone Soup version 0.25.0-15-gac7dcb8919 (webtiles) character file.

Game seed: 5388316798127659139

154 xccam the Slinger (level 5, 0/34 HPs)
             Began as a Halfling Hunter on June 29, 2020.
             Slain by Skimidon's ghost (1 damage)
             ... on level 3 of the Dungeon.
             The game lasted 00:03:49 (2436 turns).

xccam the Slinger (Halfling Hunter)                 Turns: 2436, Time: 00:03:50

Health: 0/34       AC:  4    Str: 13    XL:     5   Next: 63%
Magic:  5/5        EV: 14    Int:  9    God:
Gold:   78         SH:  0    Dex: 16    Spells: 4/4 levels left

rFire    . . .     SeeInvis .   a - +1 hunting sling
rCold    . . .     Gourm    .   (shield restricted)
rNeg     . . .     Faith    .   c - +0 leather armour
rPois    .         Spirit   .   (no helmet)
rElec    .         Reflect  .   (no cloak)
rCorr    .         Harm     .   o - +0 pair of gloves
MR       .....                  (no boots)
Stlth    ++........             (no amulet)
HPRegen  0.11/turn              (no ring)
MPRegen  0.09/turn              (no ring)

@: flying
A: small, mutation resistance 1
a: no special abilities


You were on level 3 of the Dungeon.
You were not hungry.

You visited 1 branch of the dungeon, and saw 3 of its levels.

You collected 78 gold pieces.

Inventory:

Hand Weapons
 a - a +1 hunting sling (weapon)
 b - a +0 short sword
Missiles
 d - a sling bullet (quivered)
 i - 120 stones
Armour
 c - a +0 leather armour (worn)
 o - a +0 pair of gloves (worn)
Jewellery
 p - an uncursed ring of protection from cold
Scrolls
 e - a scroll of teleportation {unknown}
 h - 2 scrolls of amnesia {unknown}
 j - 2 scrolls of enchant weapon {unknown}
 k - a scroll of enchant armour {unknown}
 l - 2 scrolls of immolation {unknown}
 n - a scroll of remove curse {unknown}
 q - 3 scrolls of identify {unknown}
Comestibles
 f - 4 rations
 m - a chunk of flesh


   Skills:
 - Level 1.7 Fighting
 + Level 9.3 Slings
 - Level 2.1 Dodging
 - Level 1.1 Stealth


You had 4 spell levels left.
You didn't know any spells.
Your spell library was empty.

Dungeon Overview and Level Annotations

Branches:
Dungeon (3/15)

Altars:

Annotations:
D:3 Skimidon's ghost, amateur GnSk


Innate Abilities, Weirdness & Mutations

You are small and have problems with some larger weapons.
You are somewhat resistant to further mutation.


Message History

Aim: Skimidon's ghost (severely damaged, shrouded)
You shoot a sling bullet.
The sling bullet barely misses Skimidon's ghost.
The sling bullet closely misses the kobold.
Firing (i - inventory. (/) - cycle)
d - 3 sling bullets (quivered)
Press: ? - help, Shift-Dir - straight line, f/p - Skimidon's ghost
Aim: Skimidon's ghost (severely damaged, shrouded)
You shoot a sling bullet.
The sling bullet completely misses Skimidon's ghost.
The sling bullet barely misses the kobold.
Skimidon's ghost barely misses you.
Firing (i - inventory. (/) - cycle)
d - 2 sling bullets (quivered)
Press: ? - help, Shift-Dir - straight line, f/p - Skimidon's ghost
Aim: Skimidon's ghost (severely damaged, shrouded)
You shoot a sling bullet.
The sling bullet barely misses Skimidon's ghost.
The sling bullet hits the kobold!
You kill the kobold!
Skimidon's ghost hits you.
You die...

#.#####..........#### #.
#.#...#.##......÷...###.
###.......................
#.....[...##..#.###.#####.
#.............##...## #.
#.......#.....###### ##.
#.........##### #..
#.....###.# #.# #.[...# #@#
##.# #.#.### #W#
###########... #.#.#
#(###............. #.#.#
#.....#########... #.#.#
#..#.##©......##.< #.#.#
#..#.#8.......8#.. #.#.#
#..#.#........[#..
#####.#.#####(...#)........#..
#.....#÷...##...©#(...©(..(#©.


You could see Skimidon's ghost (shrouded).

Vanquished Creatures
  A crimson imp (D:3)
  Terence (D:3)
  4 gnolls (D:3)
  An adder (D:3)
  A worm (D:3)
  A dart slug (D:1)
  5 orcs (D:3)
  A ball python (D:3)
  6 bats
  2 giant cockroaches
  2 goblins (D:2)
  3 hobgoblins
  3 frilled lizards
  5 kobolds
  5 rats
41 creatures vanquished.

Notes
Turn   | Place    | Note
-------+----------+-------------------------------------------
     0 | D:1      | xccam the Halfling Hunter began the quest for the Orb.
     0 | D:1      | Reached XP level 1. HP: 14/14 MP: 1/1
   159 | D:1      | Reached skill level 6 in Slings
   302 | D:1      | Reached XP level 2. HP: 17/19 MP: 2/2
  1165 | D:2      | Reached skill level 7 in Slings
  1165 | D:2      | Reached XP level 3. HP: 24/24 MP: 3/3
  1579 | D:3      | Noticed Terence
  1588 | D:3      | Killed Terence
  1588 | D:3      | Reached XP level 4. HP: 29/29 MP: 4/4
  1654 | D:3      | Found a transporter.
  1654 | D:3      | Noticed Skimidon's ghost (amateur GnSk)
  1682 | D:3      | Found a transporter.
  1842 | D:3      | Reached skill level 8 in Slings
  1862 | D:3      | Reached XP level 5. HP: 33/34 MP: 5/5
  2066 | D:3      | Reached skill level 9 in Slings
  2433 | D:3      | HP: 1/34 [Skimidon's ghost (6)]
  2436 | D:3      | Slain by Skimidon's ghost

Illustrated notes

Levels and vault maps discovered:
D:1:      sevenhm_arrival_forest_fort_small_4, layout_loops_ring
D:2:      layout_loops_ring
D:3:      layout_loops_ring, gammafunk_ghost_arena, uniq_terence

Skill      XL: |  1  2  3  4  5 |
---------------+----------------+-----
Slings         | 6 7 8 9 |  9.3
Fighting       | |  1.7
Dodging        | |  2.1
Stealth        | |  1.1

Action                   |  1- 3 |  4- 6 || total
-------------------------+-------+-------++-------
Melee: Short sword       |    36 |       ||    36
 Fire: Hunting sling     |    39 |   117 ||   156
  Use: Potion            |       |     1 ||     1
 Stab: Sleeping          |     2 |       ||     2
  Eat: Chunk             |     2 |     2 ||     4
Armor: Leather armour    |    13 |     9 ||    22
Dodge: Dodged            |    41 |    25 ||    66
